 Dungeon Crawl Stone Soup version 0.21.1-1-g345015f (webtiles) character file.

52 Saeniel the Digger (level 3, 0/21 HPs)
             Began as an Octopode Earth Elementalist on June 2, 2018.
             Succumbed to an adder's poison
             ... on level 2 of the Dungeon.
             The game lasted 00:04:18 (1251 turns).

Saeniel the Digger (Octopode Earth Elementalist)    Turns: 1251, Time: 00:04:18

Health: 0/21       AC:  1    Str:  7    XL:     3   Next: 85%
Magic:  1/6        EV: 13    Int: 18    God:
Gold:   25         SH:  0    Dex: 12    Spells: 3/7 levels left

rFire    . . .     SeeInvis .   f - +0 dagger
rCold    . . .     Gourm    .   (no shield)
rNeg     . . .     Faith    .   (helmet restricted)
rPois    .         Spirit   .   (no amulet)
rElec    .         Reflect  .   (no ring)
rCorr    .         Harm     .   (no ring)
MR       .....                  (no ring)
Stlth    +++.......             (no ring)
HPRegen  0.07/turn              (no ring)
MPRegen  0.10/turn              (no ring)
                                (no ring)
                                (no ring)

@: lethally poisoned (0 -> -2), very slightly contaminated
A: almost no armour, stealthy swim, amphibious, 8 rings, constrict 8, camouflage
1, gelatinous body 1
a: no special abilities


You were on level 2 of the Dungeon.
You were not hungry.

You visited 1 branch of the dungeon, and saw 2 of its levels.

You collected 25 gold pieces.

Inventory:

Hand Weapons
 f - a +0 dagger (weapon)
Missiles
 b - 45 stones (quivered)
Scrolls
 a - a scroll of remove curse
 e - a scroll of identify
Books
 d - a book of Geomancy

   Spells                             Type                      Level
   a - Sandblast                      Earth                        1
   b - Passwall                       Transmutation/Earth          2
   c - Stone Arrow                    Conjuration/Earth            3
   d - Petrify                        Transmutation/Earth          4
   e - Lee's Rapid Deconstruction     Earth                        5
Comestibles
 c - a ration
 g - a chunk of flesh


   Skills:
 + Level 2.5 Dodging
 - Level 2.6 Stealth
 + Level 2.5 Spellcasting
   Level 1.0 Transmutations
 * Level 3.9 Earth Magic


You had 3 spell levels left.
You knew the following spells:

 Your Spells              Type           Power        Failure   Level  Hunger
a - Sandblast             Erth           ###...       3%          1    #......
b - Stone Arrow           Conj/Erth      #.....       22%         3    ###....


Dungeon Overview and Level Annotations

Branches:
Dungeon (2/15)

Altars:
Elyvilon


Innate Abilities, Weirdness & Mutations

You cannot wear most types of armour.
You are very stealthy in the water. (Stealth+)
You are amphibious.
You can wear up to eight rings at the same time.
You can use your tentacles to constrict eight enemies at once.
Your skin changes colour to match your surroundings (Stealth+).
Your rubbery body absorbs attacks. (AC +1, EV +1)


Message History

You miss the bat. Your grab misses the bat. The bat hits you.
* * * LOW HITPOINT WARNING * * *
The bat hits you but does no damage.
You barely miss the bat. Your grab misses the bat. The bat barely misses you.
The bat closely misses you.
You hit the bat but do no damage. You grab the bat.
You constrict the bat, but do no damage.
* * * LOW HITPOINT WARNING * * *
You feel sick. The bat hits you.
* * * LOW HITPOINT WARNING * * *
The bat struggles to escape constriction.
The bat closely misses you.
The bat escapes!
You barely miss the bat. You grab the bat.
You kill the bat!
The bat barely misses you. The bat hits you.
* * * LOW HITPOINT WARNING * * *
You closely miss the bat. Your grab misses the bat.
The bat hits you but does no damage.
You completely miss the bat. You grab the bat. You constrict the bat.
You die...

........ ......
...... #. ....
##.####..#
....#....#
#.#....b.#
######........>@.#
.................#
...........####..##
##........ #...#
........>.
#.#.######
##........
#........#
##........
#........#
##........
#........#
##..#.###.
####....#####


You could see a bat.

Vanquished Creatures
  An adder (D:2)
  2 oozes (D:1)
  2 dart slugs (D:1)
  A giant cockroach (D:1)
  5 goblins
  5 hobgoblins
  6 bats
  4 frilled lizards (D:1)
  2 kobolds (D:1)
  4 rats
32 creatures vanquished.

Notes
Turn   | Place    | Note
-------+----------+-------------------------------------------
     0 | D:1      | Saeniel the Octopode Earth Elementalist began the quest for the Orb.
     0 | D:1      | Reached XP level 1. HP: 11/11 MP: 3/3
   297 | D:1      | Reached XP level 2. HP: 17/17 MP: 0/5
   718 | D:1      | Reached XP level 3. HP: 21/21 MP: 6/6
   891 | D:1      | Learned a level 3 spell: Stone Arrow
  1194 | D:2      | Found a white marble altar of Elyvilon.
  1249 | D:2      | HP: 1/21 [bat (1)]
  1251 | D:2      | Succumbed to an adder's poison

Action                   || total
-------------------------++-------
Melee: Dagger            ||    51
       Constrict         ||    14
       Tentacles         ||     7
 Cast: Sandblast         ||    22
       Stone Arrow       ||     4
  Use: Scroll            ||     4
       Potion            ||     1
 Stab: Sleeping          ||     1
  Eat: Ration            ||     1
Armor: Skin              ||    12
Dodge: Dodged            ||    56
